 Dungeon Crawl Stone Soup version 0.30-a0-34-gbe8da3892a (webtiles) character file.

Game seed: 16483623893135402667

111 ytrimaz the Insei (level 4, -1/28 HPs)
             Began as an Octopode Transmuter on Aug 27, 2022.
             Slain by an orc
             ... wielding a +0 flail
              (6 damage)
             ... on level 4 of the Dungeon.
             The game lasted 00:02:52 (3713 turns).

ytrimaz the Insei (Octopode Transmuter)             Turns: 3713, Time: 00:02:53

Health: -1/28      AC:  2    Str:  9    XL:     4   Next: 92%
Magic:  4/8        EV: 19    Int: 17    God:
Gold:   153        SH:  0    Dex: 17    Spells: 2/8 levels left

rFire   . . .      SeeInvis .      - Unarmed
rCold   . . .      Faith    .    (shield currently unavailable)
rNeg    . . .      Spirit   .    (helmet currently unavailable)
rPois   x          Reflect  .    (no amulet)
rElec   .          Harm     .    (no ring)
rCorr   .          Rampage  .    (no ring)
Will    .....                    (no ring)
Stlth   ++........               (no ring)
HPRegen 0.09/turn                (no ring)
MPRegen 0.11/turn                (no ring)
                                 (no ring)
                                 (no ring)

@: spider-form (expiring)
A: venomous fangs, almost no armour, (amphibious), 8 rings, tiny, (camouflage
1), (gelatinous body 1), (nimble swimmer 1), (tentacles)
a: End Transformation


You were on level 4 of the Dungeon.
You were a venomous arachnid creature.
You visited 1 branch of the dungeon, and saw 4 of its levels.

You collected 153 gold pieces.

Inventory:

Jewellery
 b - a ring of fire
Scrolls
 c - a scroll of blinking
 d - 4 scrolls of noise
Potions
 a - a potion of lignification
 e - 3 potions of mutation {unknown}
 g - a potion of attraction {unknown}
 h - a potion of haste {unknown}


   Skills:
 - Level 1.0 Fighting
 - Level 2.0 Dodging
 - Level 4.2 Unarmed Combat
 + Level 2.8 Spellcasting
 + Level 2.7 Transmutations
 * Level 1.7 Poison Magic


You had 2 spell levels left.
You knew the following spells:

 Your Spells              Type           Power      Damage    Failure   Level
a - Beastly Appendage     Tmut           22%        N/A       17%         1
b - Wereblood             Tmut           11%        N/A       22%         2
c - Spider Form           Tmut/Pois      10%        N/A       43%         3

Your spell library contained the following spells:

 Spells                   Type           Power      Damage    Failure   Level
 Passwall                 Tmut/Erth      5%         N/A       34%         2
 Sandblast                Erth           4%         2d4       38%         1
 Ignite Poison            Fire/Tmut/Pois 7%         N/A       50%         3
 Mephitic Cloud           Conj/Pois/Air  4%         N/A       61%         3
 Gell's Gravitas          Tloc           2%         N/A       69%         3
 Lesser Beckoning         Tloc           2%         N/A       69%         3
 Stone Arrow              Conj/Erth      4%         3d7       69%         3
 Teleport Other           Tloc           2%         N/A       69%         3
 Ice Form                 Ice/Tmut       7%         N/A       87%         4
 Freezing Cloud           Conj/Ice/Air   1%         6-21      100%        5
 Lehudib's Crystal Spear  Conj/Erth      1%         10d2      100%        8
 Animate Armour           Summ/Erth      Unusable   N/A       N/A         4

Dungeon Overview and Level Annotations

Branches:
Dungeon (4/15)
 Temple: D:4-7

Altars:
Cheibriados
Nemelex Xobeh
Qazlal
Vehumet

Annotations:
D:3 1 runed translucent door, HilariousDeathArtist's ghost, amateur GrAr


Innate Abilities, Weirdness & Mutations

You are a venomous arachnid creature.
You have poisonous fangs.
You are tiny and dextrous.
Your spellcasting is less reliable in this form.
Your armour is entirely melded.
You are incapable of wielding weapons or throwing items.
You cannot wear most types of armour.
((You are amphibious.))
You can wear up to eight rings at the same time.
((Your skin changes colour to match your surroundings (Stealth+).))
((Your rubbery body absorbs attacks. (AC +1, EV +1)))
((You are camouflaged when in or above water. (Stealth+)))
((You have tentacles for arms and can constrict up to eight enemies at once.))


Message History

You hit the orc.
The orc is poisoned.
The orc is moderately wounded.
The orc hits you with a +0 flail!
You bite the orc!
You kill the orc!
You hit the hobgoblin.
The hobgoblin is poisoned.
The hobgoblin is heavily wounded.
The hobgoblin hits you but does no damage.
You hit the hobgoblin.
The hobgoblin looks as sick as possible!
The hobgoblin is almost dead.
You kill the hobgoblin!
You hit the orc but do no damage.
The orc is poisoned.
The orc completely misses you.
You hit the orc.
You kill the orc!
Unknown command.
You hit the orc wizard.
The orc wizard is poisoned.
The orc wizard is lightly wounded.
Your transformation is almost over.
The orc wizard hits you with a +0 dagger.
You hit the orc wizard but do no damage.
The orc wizard looks as sick as possible!
The orc wizard is moderately wounded.
The orc wizard hits you with a +0 dagger.
You are too injured to fight recklessly!
You hit the orc wizard.
The orc wizard looks as sick as possible!
The orc wizard is severely wounded.
The orc wizard casts a spell at you. The puff of flame hits you!
* * * LOW HITPOINT WARNING * * *
You are too injured to fight recklessly!
You hit the orc wizard.
You kill the orc wizard!
Unknown command.
You are too injured to fight recklessly!
You hit the orc but do no damage.
The orc is poisoned.
The orc hits you with a +0 flail.
You die...

..ยง ... #.#
... #.# #[# #o#
#s# #.# ## #(#
#.###########.#
##
#............#
..
##.#########.#
#.## ##..# #.#
#.###.#.# #..
#..#.##.# #^##


You could see an orc (poisoned).

Vanquished Creatures
  An orc wizard (D:4)
  An adder (D:4)
  4 orcs
  6 ball pythons
  6 endoplasms
  2 giant cockroaches (D:1)
  3 goblins (D:1)
  11 hobgoblins
  12 kobolds
  5 quokkas
  6 bats
  A frilled lizard (D:2)
  5 rats
63 creatures vanquished.

Notes
Turn   | Place    | Note
-------+----------+-------------------------------------------
     0 | D:1      | ytrimaz the Octopode Transmuter began the quest for the
                  | Orb.
     0 | D:1      | Reached XP level 1. HP: 13/13 MP: 3/3
   248 | D:1      | Found a faded altar of an unknown god.
   271 | D:1      | Reached XP level 2. HP: 10/18 MP: 3/5
   920 | D:1      | Reached skill level 4 in Unarmed Combat
   990 | D:1      | Reached XP level 3. HP: 23/23 MP: 4/6
  1119 | D:1      | Learned a level 2 spell: Wereblood
  1123 | D:1      | Learned a level 3 spell: Spider Form
  2039 | D:2      | Reached skill level 1 in Poison Magic
  2738 | D:3      | Reached XP level 4. HP: 25/28 MP: 4/7
  2794 | D:3      | Found a snail-covered altar of Cheibriados.
  2808 | D:3      | Found a radiant altar of Vehumet.
  2875 | D:3      | Found a runed translucent door.
  2879 | D:3      | Noticed HilariousDeathArtist's ghost (amateur GrAr)
  3277 | D:3      | Found a sparkling altar of Nemelex Xobeh.
  3279 | D:3      | Found a stormy altar of Qazlal.
  3713 | D:4      | Slain by an orc

Illustrated notes

Levels and vault maps discovered:
D:1:      wander_arrival_lonely_grave, layout_basic,
          ebering_ecumenical_altar_sacrificial
D:2:      layout_basic
D:3:      layout_basic, chequers_temple_overflow_statue_of_worship,
          mainiacjoe_overflow_catwalk_spiral, ebering_ghost_sewer_d
D:4:      layout_loops_ring, lemuel_coloured_pillars_altar,
          nicolae_sif_muna_condensation, minmay_temple_entry_nine_rooms

Skill      XL: |  1  2  3 |
---------------+----------+-----
Unarmed Combat | 4 |  4.2
Poison Magic   | 1 |  1.7
Fighting       | |  1.0
Dodging        | |  2.0
Spellcasting   | |  2.8
Transmutations | |  2.7

Action                   |  1- 3 |  4- 6 || total
-------------------------+-------+-------++-------
Melee: Unarmed           |    88 |    36 ||   124
       Constrict         |    19 |     8 ||    27
       Kick              |    22 |    10 ||    32
       Tentacles         |    15 |     6 ||    21
       Punch             |     2 |       ||     2
 Cast: Beastly Appendage |    33 |    11 ||    44
       Spider Form       |       |     1 ||     1
  Use: Scroll            |     2 |     1 ||     3
 Stab: Sleeping          |     9 |     2 ||    11
Armor: Skin              |     7 |     1 ||     8
Dodge: Dodged            |    67 |    21 ||    88

Table legend: (Time is in decaauts)
 A = Elapsed time spent in this place.
 B = Non-inter-level travel time spent in this place.
 C = Inter-level travel time spent in this place.
 D = Time resting spent in this place.
 E = Time spent auto-exploring this place.
 F = Levels seen in this place.
 G = Mean time per level.
                   A        B        C        D        E       F      G
               +--------+--------+--------+--------+--------+-----+--------+
         Total |   3703 |   3643 |     60 |      0 |   3141 |   4 |  925.8 |
       Dungeon |   3703 |   3643 |     60 |      0 |   3141 |   4 |  925.8 |
               +--------+--------+--------+--------+--------+-----+--------+

Top non-repeatable levels by time:
     D:1: 1418 daAuts
     D:2: 1191 daAuts
     D:3: 1028 daAuts
     D:4: 64 daAuts
